[Event "Titled Tuesday Blitz September 13 Late 2022"]
[White "Sztokbant, Bernardo Vainzoff"]
[Black "Gomez Ledo, Roberto Carlos"]
[WhiteFideId "2115956"]
[BlackFideId "3507076"]
[WhiteElo "2172"]
[BlackElo "2379"]
[Result "1-0"]
[Round "10"]
[TimeControl "180+1"]
[Date "2022.09.13"]
[WhiteClock "0:00:03"]
[BlackClock "0:00:03"]

1. Nf3 Nf6 2. b3 d5 3. Bb2 Bf5 4. e3 e6 5. d4 Nbd7 6. Bd3 Bg6 7. O-O Bd6 8. c4 c6 9. Nc3 Ne4 10. Ne2 f5 11. Nf4 Qf6 12. Ne1 O-O 13. f3 Ng5 14. Be2 h6 15. Ned3 Nf7 16. Qc1 Bh7 17. Ba3 Bxa3 18. Qxa3 dxc4 19. bxc4 e5 20. Nh5 Qe6 21. Rfe1 exd4 22. exd4 Qxc4 23. Qb2 Qb5 24. Qc3 Qd5 25. Ndf4 Qd6 26. Bc4 Kh8 27. Re6 Qc7 28. Re7 Nd6 29. Be6 Rad8 30. Rxg7 Nb5 31. Qe3 Qd6 32. Rd1 Nf6 33. Rxb7 Rde8 34. d5 Nxh5 35. Nxh5 cxd5 36. Qxh6 Re7 37. Qxf8+ 1-0


[Site "https://www.chess.com"]

[Event "Titled Tuesday Blitz September 13 Late 2022"]
[White "Tanenbaum, Zachary"]
[Black "Barbosa, Evandro Amorim"]
[WhiteFideId "2060850"]
[BlackFideId "2115824"]
[WhiteElo "2175"]
[BlackElo "2454"]
[Result "0-1"]
[Round "10"]
[TimeControl "180+1"]
[Date "2022.09.13"]
[WhiteClock "0:00:01"]
[BlackClock "0:00:03"]

1. e4 c5 2. Nf3 e6 3. d4 cxd4 4. Nxd4 Nc6 5. Nc3 Qc7 6. g3 a6 7. Bg2 d6 8. Nxc6 bxc6 9. O-O Nf6 10. b3 Be7 11. Na4 O-O 12. c4 Bb7 13. Be3 c5 14. Nc3 Nd7 15. f4 Bf6 16. Qd2 Nb8 17. Rad1 Rd8 18. g4 Nc6 19. g5 Bd4 20. Ne2 e5 21. f5 Bxe3+ 22. Qxe3 Nd4 23. Ng3 a5 24. f6 g6 25. Rd3 a4 26. Nf5 gxf5 27. Qh3 Kf8 28. Qxh7 Ke8 29. g6 Kd7 30. Qxf7+ Kc8 31. Qxc7+ Kxc7 32. exf5 e4 33. Rh3 axb3 34. Rh7+ Kb6 35. axb3 Ra2 36. g7 Nf3+ 37. Kh1 Raa8 38. f7 Ne5 39. g8=Q Rxg8 40. fxg8=Q Rxg8 41. Rg1 Rf8 42. Rf1 Bc6 43. f6 Ng4 44. f7 Ne3 45. Re1 Ng4 46. Rg7 Nf2+ 47. Kg1 Nd3 48. Rf1 Ne5 0-1


[Site "https://www.chess.com"]

[Event "Titled Tuesday Blitz September 13 Late 2022"]
[White "Tari, Aryan"]
[Black "Cardoso Cardoso, Jose Gabriel"]
[WhiteFideId "1510045"]
[BlackFideId "4430492"]
[WhiteElo "2612"]
[BlackElo "2485"]
[Result "1-0"]
[Round "10"]
[TimeControl "180+1"]
[Date "2022.09.13"]
[WhiteClock "0:00:15"]
[BlackClock "0:00:02"]

1. e4 g6 2. d4 Bg7 3. Nf3 c6 4. Bd3 d5 5. e5 Nh6 6. h3 O-O 7. O-O f6 8. exf6 exf6 9. Bf4 Nf7 10. Nbd2 Be6 11. Re1 Re8 12. c3 Nd7 13. Qc2 Nf8 14. Re2 Qd7 15. Rae1 Re7 16. a4 Rae8 17. a5 a6 18. Nb3 Qd8 19. Ra1 Bc8 20. Rxe7 Rxe7 21. Nc5 Nd6 22. b4 Ne6 23. Bg3 Nxc5 24. bxc5 Ne4 25. Bf4 Qe8 26. c4 Be6 27. Re1 Bf8 28. Bd6 Nxd6 29. cxd6 Rd7 30. c5 Qf7 31. Nh4 Rd8 32. f4 Bc8 33. Qe2 Bd7 34. Qb2 Bc8 35. Qb1 Re8 36. f5 g5 37. Nf3 h5 38. g4 h4 39. Kf2 Rxe1 40. Qxe1 Qd7 41. Qd2 Qg7 42. Ke1 Kf7 43. Qe3 Bd7 44. Kd1 Kg8 45. Kc2 Qh6 46. Kb3 Qg7 47. Kb4 Qh6 48. Bc2 Qg7 49. Nd2 Qf7 50. Nb1 Qe8 51. Qf2 Qb8 52. Nc3 Qd8 53. Bb3 Kg7 54. Qe3 Qc8 55. Na4 Qd8 56. Nb6 Kh6 57. Nxd7 Qxd7 58. Qe6 Qd8 59. Qf7 1-0


[Site "https://www.chess.com"]

[Event "Titled Tuesday Blitz September 13 Late 2022"]
[White "Ter-Sahakyan, Samvel"]
[Black "Maksimovic, Bojan"]
[WhiteFideId "13302531"]
[BlackFideId "14408120"]
[WhiteElo "2604"]
[BlackElo "2447"]
[Result "1-0"]
[Round "10"]
[TimeControl "180+1"]
[Date "2022.09.13"]
[WhiteClock "0:00:04"]
[BlackClock "0:00:01"]

1. e4 g6 2. d4 Bg7 3. Nf3 d6 4. Bc4 e6 5. O-O Ne7 6. Re1 b6 7. a4 a6 8. Nc3 Bb7 9. Bf1 Nd7 10. g3 Nf6 11. Bg2 O-O 12. Bf4 h6 13. Qd2 Kh7 14. h3 Qd7 15. Rad1 Rad8 16. g4 d5 17. Ne5 Qc8 18. exd5 Nexd5 19. Nxd5 Bxd5 20. Bxd5 Rxd5 21. c4 Rdd8 22. Qe3 Qb7 23. h4 b5 24. axb5 axb5 25. b3 Nd7 26. Qf3 Qxf3 27. Nxf3 bxc4 28. bxc4 Rfe8 29. c5 c6 30. Bd6 Bf8 31. Ne5 Bxd6 32. cxd6 Nf6 33. Nxf7 Rd7 34. Ne5 Rxd6 35. Re3 Kg7 36. Rf3 Re7 37. Rdd3 Rb7 38. Rb3 Rxb3 39. Rxb3 Rxd4 40. Rb7+ Kg8 41. f3 Rd2 42. Nxg6 Nd5 43. Ne5 Nf4 44. Rc7 1-0


[Site "https://www.chess.com"]

[Event "Titled Tuesday Blitz September 13 Late 2022"]
[White "Timmermans, Mark"]
[Black "Barria Santos, Jose Guilherme"]
[WhiteFideId "1026399"]
[BlackFideId "1939300"]
[WhiteElo "2460"]
[BlackElo "2263"]
[Result "1-0"]
[Round "10"]
[TimeControl "180+1"]
[Date "2022.09.13"]
[WhiteClock "0:01:09"]
[BlackClock "0:00:49"]

1. e4 c5 2. Nf3 d6 3. d4 cxd4 4. Nxd4 Nf6 5. Nc3 a6 6. g3 e5 7. Nde2 b5 8. Bg2 Bb7 9. O-O Nbd7 10. a4 b4 11. Nd5 a5 12. c4 Be7 13. h3 O-O 14. Be3 Rc8 15. b3 Nc5 16. Nxe7+ Qxe7 17. f3 h6 18. g4 g5 19. Ng3 Rfd8 20. Nf5 Qf8 21. h4 Ne6 22. Qd2 Nh7 23. Rad1 Nf4 24. hxg5 hxg5 25. Kf2 Rc6 26. Rh1 Bc8 27. Rh2 Bxf5 28. gxf5 f6 29. Bxf4 gxf4 30. Qd5+ Qf7 31. Qxc6 Qa7+ 32. c5 1-0


[Site "https://www.chess.com"]

[Event "Titled Tuesday Blitz September 13 Late 2022"]
[White "Trost, Edvin"]
[Black "Rustemov, Alexander"]
[WhiteFideId "1729519"]
[BlackFideId "4119002"]
[WhiteElo "2186"]
[BlackElo "2845"]
[Result "1/2-1/2"]
[Round "10"]
[TimeControl "180+1"]
[Date "2022.09.13"]
[WhiteClock "0:00:04"]
[BlackClock "0:00:13"]

1. Nf3 d5 2. b3 c6 3. Bb2 Nf6 4. g3 Bf5 5. Bg2 e6 6. O-O h6 7. d3 Be7 8. Nbd2 O-O 9. Re1 Bh7 10. e4 c5 11. h4 Nc6 12. Ne5 Nd4 13. Ndf3 dxe4 14. dxe4 Nxf3+ 15. Qxf3 Qc7 16. Ng4 Nd7 17. h5 Bg5 18. Rad1 Rfd8 19. Qe2 Bf6 20. Nxf6+ Nxf6 21. Bxf6 gxf6 22. Qe3 Kg7 23. Bf3 Qe5 24. Kg2 b6 25. a4 Rac8 26. Rd3 Rxd3 27. Qxd3 Qd4 28. Rd1 Qxd3 29. Rxd3 Rc7 30. c4 f5 31. e5 f4 32. Rd8 fxg3 33. Kxg3 Bc2 34. Bd1 Bxd1 35. Rxd1 a6 36. Rd6 Rb7 37. f4 b5 38. axb5 axb5 39. Rc6 bxc4 40. bxc4 Rb3+ 41. Kg4 Rb1 42. Rxc5 Rg1+ 43. Kf3 Rh1 44. Kg4 Rg1+ 45. Kf3 Rh1 46. Rb5 Rxh5 47. Rb2 Rh3+ 48. Ke4 Rc3 49. Kd4 Rc1 50. c5 h5 51. Rh2 Kg6 52. Rh3 Rc2 53. Rh1 Kh6 54. Rh4 Rc1 55. Rh3 Kg6 56. Rh2 Rd1+ 57. Kc4 Rc1+ 58. Kb5 Rf1 59. Rh4 Rb1+ 60. Kc6 Rc1 61. Kd6 Rd1+ 62. Kc7 Kf5 63. c6 Rc1 64. Kb7 Rb1+ 65. Kc8 Rc1 66. c7 Rd1 67. Kb7 Rb1+ 68. Kc8 Rc1 69. Rxh5+ Kxf4 70. Rh7 Kxe5 71. Rxf7 Kd4 72. Kd7 e5 73. c8=Q Rxc8 74. Kxc8 e4 75. Kd7 e3 76. Kd6 e2 77. Re7 Kd3 78. Kd5 Kd2 79. Kd4 e1=Q 80. Rxe1 Kxe1 1/2-1/2


[Site "https://www.chess.com"]

[Event "Titled Tuesday Blitz September 13 Late 2022"]
[White "Vovk, Orest"]
[Black "Melikyan, Gnel"]
[WhiteFideId "14113490"]
[BlackFideId "54109990"]
[WhiteElo "2203"]
[BlackElo "1772"]
[Result "0-1"]
[Round "10"]
[TimeControl "180+1"]
[Date "2022.09.13"]
[WhiteClock "0:02:08"]
[BlackClock "0:01:32"]

1. d4 f5 2. e4 fxe4 3. Nc3 Nf6 4. f3 exf3 5. Nxf3 e6 6. Bd3 b6 7. O-O Bb7 8. Ne5 Nc6 9. Ng6 hxg6 10. Bxg6+ Ke7 11. d5 Ne5 12. Qd4 Nxg6 13. Bg5 Kf7 14. Bxf6 gxf6 15. Rxf6+ Qxf6 16. Rf1 Bc5 17. Rxf6+ Kg7 0-1


[Site "https://www.chess.com"]

[Event "Titled Tuesday Blitz September 13 Late 2022"]
[White "Wan, Joseph"]
[Black "Yoo, Christopher Woojin"]
[WhiteFideId "2069890"]
[BlackFideId "30909694"]
[WhiteElo "2198"]
[BlackElo "2105"]
[Result "0-1"]
[Round "10"]
[TimeControl "180+1"]
[Date "2022.09.13"]
[WhiteClock "0:00:03"]
[BlackClock "0:00:03"]

1. d4 Nf6 2. Bf4 c5 3. e3 Qb6 4. Nc3 a6 5. Rb1 d5 6. Nf3 Bg4 7. Be2 e6 8. O-O cxd4 9. exd4 Nc6 10. Na4 Qd8 11. b4 Ne4 12. Rb3 Bxb4 13. a3 Bd6 14. Bxd6 Nxd6 15. Nc5 Qc7 16. c3 Bxf3 17. Bxf3 O-O 18. Qb1 Na5 19. Rb4 Nac4 20. Qc1 b6 21. Nd3 a5 22. Rb1 Rac8 23. Re1 Qc6 24. Qg5 h6 25. Qg3 Nf5 26. Qg4 Nxa3 27. Rbc1 Nc4 28. Nf4 Qd7 29. Nh5 Kh8 30. Qh3 Qd8 31. Bg4 Ncd6 32. Re5 Qg5 33. Rce1 Qd2 34. g3 Rxc3 35. Nf4 Qxf4 36. gxf4 Rxh3 37. Bxh3 Nxd4 38. Bg2 Nc4 39. Rh5 a4 40. Rd1 Ne2+ 41. Kf1 Nxf4 42. Rh4 g5 43. Rxh6+ Kg7 44. Rh3 Nxh3 45. Bxh3 a3 46. Ra1 Ra8 47. Ke2 b5 48. Kd3 b4 49. Kc2 Rh8 50. Bf1 Rxh2 51. Kb3 Nd2+ 52. Ka4 Rxf2 53. Bd3 Rf4 54. Rg1 Kf6 55. Kb5 b3 56. Bb1 a2 57. Bd3 b2 58. Bf5 Kxf5 59. Kc6 b1=Q 60. Kd6 Qxg1 61. Ke7 Qa7+ 62. Kf8 Kf6 63. Kg8 Rh4 0-1


[Site "https://www.chess.com"]

[Event "Titled Tuesday Blitz September 13 Late 2022"]
[White "Winterberg, Lukas"]
[Black "Sargsyan, Anna M."]
[WhiteFideId "24622702"]
[BlackFideId "13308130"]
[WhiteElo "2349"]
[BlackElo "2271"]
[Result "0-1"]
[Round "10"]
[TimeControl "180+1"]
[Date "2022.09.13"]
[WhiteClock "0:00:01"]
[BlackClock "0:00:04"]

1. d4 d5 2. Nf3 Nf6 3. c4 c6 4. Nc3 dxc4 5. a4 Bf5 6. Ne5 Nbd7 7. Nxc4 Qc7 8. Qd2 g6 9. Qf4 Qxf4 10. Bxf4 Nd5 11. Bd2 Nxc3 12. bxc3 Bg7 13. e3 O-O 14. Be2 e5 15. O-O exd4 16. exd4 c5 17. Ne3 cxd4 18. Nxf5 gxf5 19. cxd4 Bxd4 20. Rab1 Nc5 21. a5 Rfe8 22. Bf3 Rab8 23. Bf4 Be5 24. Be3 b6 25. Rfd1 f4 26. Bd2 Kg7 27. h4 Ne6 28. Be4 Nd4 29. f3 f5 30. Bd3 Red8 31. Be1 bxa5 32. Rxb8 Rxb8 33. Bxa5 Rb3 34. Bc4 Ra3 35. Bd8 Rc3 36. Bd5 Rc5 37. Ba2 Rc8 38. Bg5 h6 39. Be7 Rc2 40. Bd5 Ne2+ 41. Kh2 Ng3 42. Be6 Bf6 43. Bd6 Bxh4 44. Bxf4 Nh5 45. Be5+ Bf6 46. Rd7+ Kg6 47. Bf7+ Kg5 48. Bb8 Nf4 0-1


[Site "https://www.chess.com"]

[Event "Titled Tuesday Blitz September 13 Late 2022"]
[White "Aldokhin, Ivan"]
[Black "Mikhailov, Viacheslav"]
[WhiteFideId "24115720"]
[BlackFideId "4187369"]
[WhiteElo "2243"]
[BlackElo "2381"]
[Result "1-0"]
[Round "11"]
[TimeControl "180+1"]
[Date "2022.09.13"]
[WhiteClock "0:01:41"]
[BlackClock "0:01:56"]

1. e4 d6 2. d4 Nf6 3. Nc3 g6 4. Bg5 Bg7 5. Qd2 O-O 6. f4 c6 7. Nf3 b5 8. Bd3 b4 9. Ne2 a5 10. O-O Ba6 11. f5 d5 12. Bxf6 Bxf6 13. e5 Bg7 14. Ng3 Bxd3 15. Qxd3 Qb6 16. e6 fxe6 17. fxg6 e5 18. gxh7+ Kh8 19. Nxe5 Rxf1+ 20. Rxf1 Na6 21. Nf7# 1-0


[Site "https://www.chess.com"]

[Event "Titled Tuesday Blitz September 13 Late 2022"]
[White "Arnold, Ken"]
[Black "Fernandez De La Vara, Arnaldo"]
[WhiteFideId "2056836"]
[BlackFideId "3518388"]
[WhiteElo "2471"]
[BlackElo "2387"]
[Result "1-0"]
[Round "11"]
[TimeControl "180+1"]
[Date "2022.09.13"]
[WhiteClock "0:00:08"]
[BlackClock "0:00:02"]

1. d4 c5 2. d5 Nf6 3. Nc3 d6 4. Nf3 a6 5. a4 g6 6. Bf4 Bg7 7. Qd2 Bg4 8. a5 Nbd7 9. h3 Bxf3 10. exf3 O-O 11. Bc4 b5 12. axb6 Nxb6 13. Bxa6 Nc4 14. Qc1 Nxb2 15. Qxb2 Nxd5 16. Bd2 Nb4 17. Bd3 Rxa1+ 18. Qxa1 c4 19. Qa4 cxd3 20. Qxb4 dxc2 21. O-O Qb8 22. Qxb8 Rxb8 23. Rc1 Rb2 24. Kf1 e6 25. Ke2 d5 26. Kd3 d4 27. Ne2 Rb8 28. Rxc2 e5 29. Nc1 f5 30. Rc7 Re8 31. Ke2 Ra8 32. Nd3 Ra2 33. Kd1 Bf6 34. Rc8+ Kf7 35. Rc7+ Ke6 36. Rc6+ Ke7 37. Nc5 Kf7 38. Rc7+ Kg8 39. g4 f4 40. Ne4 Bh4 41. Ke2 Ra3 42. g5 Kf8 43. Nf6 d3+ 44. Kf1 Ra1+ 45. Kg2 Ra2 46. Bb4# 1-0


[Site "https://www.chess.com"]

[Event "Titled Tuesday Blitz September 13 Late 2022"]
[White "Barbosa, Evandro Amorim"]
[Black "Maksimovic, Bojan"]
[WhiteFideId "2115824"]
[BlackFideId "14408120"]
[WhiteElo "2454"]
[BlackElo "2447"]
[Result "1/2-1/2"]
[Round "11"]
[TimeControl "180+1"]
[Date "2022.09.13"]
[WhiteClock "0:00:07"]
[BlackClock "0:00:02"]

1. e4 e5 2. Nf3 Nc6 3. Bb5 a6 4. Ba4 Nf6 5. d3 b5 6. Bb3 Be7 7. O-O O-O 8. Re1 d6 9. c3 Na5 10. Bc2 c5 11. Nbd2 Qc7 12. Nf1 Re8 13. h3 Bf8 14. Bg5 Nd7 15. a4 Bb7 16. Ne3 Nb6 17. b4 cxb4 18. cxb4 Nc6 19. a5 Nd7 20. Nd5 Qb8 21. Bb3 h6 22. Bd2 Ne7 23. Ne3 Nf6 24. Nh4 Bc8 25. Qf3 Be6 26. Bxe6 fxe6 27. Ng4 Nh7 28. Rac1 Qb7 29. Qg3 Kh8 30. d4 exd4 31. Qxd6 Rad8 32. Qxe6 g5 33. Ng6+ Nxg6 34. Qxg6 Qg7 35. Qxa6 h5 36. Nh2 g4 37. hxg4 hxg4 38. Nf1 d3 39. Bc3 Re5 40. Rcd1 d2 41. Rxd2 Rde8 42. Ng3 Nf6 43. Bxe5 Rxe5 44. Qc8 Kh7 45. a6 Bxb4 46. Red1 Bxd2 47. Rxd2 Re8 48. Qf5+ Qg6 49. e5 Qxf5 50. Nxf5 Rxe5 51. Nd6 g3 52. fxg3 Ng4 53. Kf1 b4 54. a7 Ra5 55. Nc8 Kg6 56. Ke2 Ne5 57. Rb2 Nc6 58. Rb3 Nd4+ 59. Kd3 Nxb3 60. Kc4 Nd2+ 61. Kxb4 Ra2 62. Kb5 Ne4 63. Kb6 Nxg3 64. Kb7 Kg5 65. Nd6 Kg4 66. Nc4 Ne4 67. Nb6 Kg3 68. a8=Q Rxa8 69. Nxa8 Kxg2 1/2-1/2


[Site "https://www.chess.com"]

[Event "Titled Tuesday Blitz September 13 Late 2022"]
[White "Besedes, Danilo"]
[Black "Tanenbaum, Zachary"]
[WhiteFideId "946796"]
[BlackFideId "2060850"]
[WhiteElo "2352"]
[BlackElo "2175"]
[Result "1-0"]
[Round "11"]
[TimeControl "180+1"]
[Date "2022.09.13"]
[WhiteClock "0:00:43"]
[BlackClock "0:00:08"]

1. d4 d5 2. Bf4 Nf6 3. e3 c5 4. c3 Nc6 5. Nd2 Qb6 6. Qb3 c4 7. Qc2 g6 8. Ngf3 Bf5 9. Qc1 Bg7 10. h3 O-O 11. Be2 Qd8 12. a4 a6 13. b3 b5 14. O-O Ne4 15. Nxe4 Bxe4 16. axb5 axb5 17. b4 Qb6 18. Qb2 Qb7 19. Rxa8 Rxa8 20. Ra1 Bxf3 21. Bxf3 e5 22. Bg3 e4 23. Be2 f5 24. Ra3 Bf6 25. Qa1 Rf8 26. Ra6 Bg5 27. Bd6 Rd8 28. Bc5 f4 29. exf4 Bxf4 30. Rb6 Qc7 31. Qa6 Rc8 32. Qxb5 e3 33. Rxc6 exf2+ 34. Kf1 Qxc6 35. Qxc6 Rxc6 36. Bf3 Ra6 37. Bxd5+ Kg7 38. Bxc4 Ra3 39. Kxf2 Rxc3 40. Bb5 Rb3 41. Bc6 Be3+ 42. Ke2 Bc1 43. b5 Ba3 44. b6 Bxc5 45. dxc5 Kf6 46. Bf3 Ke5 47. c6 Rb2+ 48. Kd3 Rb3+ 49. Kc4 Rxb6 50. c7 Rb1 51. Bc6 Rc1+ 52. Kb5 Rb1+ 53. Ka6 Ra1+ 54. Kb6 Rb1+ 55. Bb5 Rc1 56. Ba6 Kf4 57. c8=Q Rxc8 58. Bxc8 Kg3 59. Bb7 g5 60. Kc5 h5 61. Kd4 g4 62. hxg4 Kxg4 63. Bc8+ Kg3 64. Bh3 Kf4 65. Kd3 Kg3 66. Ke4 Kh4 67. Kf5 Kg3 68. Kg5 h4 69. Kh5 Kh2 70. Kxh4 Kg1 71. g4 Kf2 72. g5 Ke3 73. g6 Kf4 74. g7 Ke5 75. g8=Q 1-0


[Site "https://www.chess.com"]

[Event "Titled Tuesday Blitz September 13 Late 2022"]
[White "Bilan, Danila"]
[Black "Leitao, Rafael"]
[WhiteFideId "24161918"]
[BlackFideId "2101246"]
[WhiteElo "2164"]
[BlackElo "2609"]
[Result "1-0"]
[Round "11"]
[TimeControl "180+1"]
[Date "2022.09.13"]
[WhiteClock "0:00:03"]
[BlackClock "0:00:04"]

1. d4 Nf6 2. Nf3 e6 3. g3 d5 4. Bg2 Be7 5. O-O O-O 6. c4 dxc4 7. Qa4 a6 8. Qxc4 b5 9. Qc2 Bb7 10. Bf4 Bd6 11. Nc3 Bxf4 12. gxf4 Nbd7 13. e3 c5 14. dxc5 Nxc5 15. Nxb5 Qb6 16. Nbd4 Be4 17. Qd2 Rab8 18. b3 Rfc8 19. Ne5 Bxg2 20. Kxg2 Qb7+ 21. Kg1 Nfd7 22. Nc4 Qe4 23. Nd6 Qg6+ 24. Kh1 Ne4 25. Nxc8 Rxc8 26. Qe2 e5 27. fxe5 Nxe5 28. Rac1 Re8 29. Rg1 Qf6 30. f4 Ng6 31. Qf3 Nh4 32. Qxe4 Qd8 33. Qb7 h6 34. Rc7 Rf8 35. Ne6 Qd2 36. Nxf8 Qxe3 37. Ne6 Nf5 38. Qc8+ Kh7 39. Nf8+ Kg8 40. Ng6+ 1-0


[Site "https://www.chess.com"]

[Event "Titled Tuesday Blitz September 13 Late 2022"]
[White "Bluebaum, Matthias"]
[Black "Yoo, Christopher Woojin"]
[WhiteFideId "24651516"]
[BlackFideId "30909694"]
[WhiteElo "2633"]
[BlackElo "2105"]
[Result "1-0"]
[Round "11"]
[TimeControl "180+1"]
[Date "2022.09.13"]
[WhiteClock "0:00:19"]
[BlackClock "0:00:01"]

1. d4 Nf6 2. c4 e6 3. Nc3 Bb4 4. e3 O-O 5. Bd2 d5 6. Nf3 b6 7. cxd5 exd5 8. Rc1 Bb7 9. Bd3 Re8 10. O-O Bf8 11. Ne5 c5 12. Bb5 Re6 13. f4 a6 14. Ba4 b5 15. Bc2 Nc6 16. Be1 Qb6 17. Bf2 cxd4 18. exd4 Rd8 19. a3 Na5 20. Kh1 Nc4 21. b3 Nxa3 22. Bf5 Ree8 23. Bh4 g6 24. Bh3 b4 25. f5 g5 26. Na4 Qd6 27. Bxg5 Bg7 28. Nc5 Ba8 29. Bf4 Qb6 30. Qf3 Nb5 31. Qf2 Nc3 32. Rce1 Nfe4 33. Qh4 Qf6 34. Qh5 Nxc5 35. dxc5 Ne4 36. Ng4 Qd4 37. f6 Nxf6 38. Nh6+ Bxh6 39. Qxh6 Ne4 40. Be3 Qg7 41. Qh4 d4 42. Bh6 Qg6 43. Bf5 Qf6 44. Bxh7+ Kxh7 45. Bg5+ Kg8 46. Bxf6 1-0


[Site "https://www.chess.com"]

[Event "Titled Tuesday Blitz September 13 Late 2022"]
[White "Bortnyk, Olexandr"]
[Black "Pranav, V"]
[WhiteFideId "14120828"]
[BlackFideId "25060783"]
[WhiteElo "2723"]
[BlackElo "2390"]
[Result "1-0"]
[Round "11"]
[TimeControl "180+1"]
[Date "2022.09.13"]
[WhiteClock "0:00:06"]
[BlackClock "0:00:02"]

1. e4 e5 2. Bc4 Nf6 3. d3 Nc6 4. Nc3 Bc5 5. Be3 Bb6 6. h3 d6 7. Qf3 Nd4 8. Bxd4 exd4 9. Nd5 Nxd5 10. Bxd5 O-O 11. Ne2 Ba5+ 12. Kf1 c6 13. Bb3 Bb6 14. g4 a5 15. a4 Bc5 16. h4 Be6 17. g5 Qd7 18. Nf4 Bxb3 19. cxb3 f5 20. Qh3 Rad8 21. Re1 Bb4 22. Re2 fxe4 23. Ne6 Rf3 24. Qg4 exd3 25. Re4 d5 26. Nxd8 Qxd8 27. Qxf3 dxe4 28. Qxe4 d2 29. Ke2 g6 30. h5 Qxg5 31. Qe8+ Kg7 32. h6+ Kf6 33. Qd8+ Kf5 34. Qd7+ Kf6 35. Qxd4+ Kf5 36. Qd7+ Ke5 37. Rh3 Bc5 38. Rf3 Qh5 39. Qxd2 Ke6 40. Qf4 Be7 41. Qf7+ Kd7 42. Qg7 Kd6 43. Qd4+ Kc7 44. Qe3 Bd6 45. Kd2 Qd5+ 46. Kc2 b5 47. Qa7+ Kc8 48. Qa8+ Kc7 49. Qxa5+ Kb7 50. Qc3 bxa4 51. bxa4 Qe4+ 52. Qd3 Qg4 53. a5 Bc5 54. Rf7+ Kc8 55. Qa6+ Kd8 56. Qa8+ Qc8 57. Qxc8+ Kxc8 58. Rxh7 1-0


[Site "https://www.chess.com"]

[Event "Titled Tuesday Blitz September 13 Late 2022"]
[White "Can, Melih Kaan"]
[Black "Winterberg, Lukas"]
[WhiteFideId "6317383"]
[BlackFideId "24622702"]
[WhiteElo "2029"]
[BlackElo "2349"]
[Result "0-1"]
[Round "11"]
[TimeControl "180+1"]
[Date "2022.09.13"]
[WhiteClock "0:00:14"]
[BlackClock "0:00:58"]

1. e4 e6 2. d4 d5 3. Nd2 c5 4. exd5 Qxd5 5. Ngf3 cxd4 6. Bc4 Qd7 7. O-O Nc6 8. Nb3 a6 9. Nbxd4 Nxd4 10. Nxd4 Qc7 11. Bb3 Nf6 12. Bg5 Bd6 13. h3 O-O 14. Qf3 Bh2+ 15. Kh1 Be5 16. c3 h6 17. Bh4 b6 18. Rfe1 Bb7 19. Qe2 Bxd4 20. cxd4 Qc6 21. f3 Nd5 22. Rac1 Qd6 23. Qe5 Qd7 24. Bxd5 Bxd5 25. Rc7 Qb5 26. Qg3 Kh7 27. Re5 Qxb2 28. Qf4 Rac8 29. Rxf7 Qc1+ 30. Qxc1 Rxc1+ 31. Kh2 Rxf7 0-1


[Site "https://www.chess.com"]

[Event "Titled Tuesday Blitz September 13 Late 2022"]
[White "Domalchuk-Jonasson, Aleksandr"]
[Black "Makarian, Rudik"]
[WhiteFideId "14142805"]
[BlackFideId "44105681"]
[WhiteElo "1991"]
[BlackElo "2410"]
[Result "0-1"]
[Round "11"]
[TimeControl "180+1"]
[Date "2022.09.13"]
[WhiteClock "0:00:01"]
[BlackClock "0:00:32"]

1. d4 Nf6 2. c4 g6 3. Nc3 Bg7 4. e4 d6 5. h3 O-O 6. Be3 Na6 7. g4 c6 8. Nge2 b5 9. cxb5 cxb5 10. a3 Bb7 11. Bg2 b4 12. axb4 Nxb4 13. O-O a5 14. e5 Nfd5 15. Nxd5 Bxd5 16. f4 Bxg2 17. Kxg2 Qb8 18. Nc3 Qb7+ 19. Kh2 Nd5 20. Qf3 Qxb2+ 21. Ne2 Nxe3 22. Qxe3 Rfb8 23. Ra3 dxe5 24. fxe5 Bh6 25. Qf3 Rf8 26. Rfa1 Rac8 27. R1a2 Qb1 28. Rxa5 Rc2 29. Rxc2 Qxc2 30. Ra7 e6 31. Kg3 Qd2 32. Ra3 Bg5 33. h4 Qe1+ 34. Kg2 Bxh4 35. Nf4 Qd2+ 36. Kh3 Bg5 37. Ne2 Qd1 38. Kg2 Qd2 39. Rd3 Qb4 40. Rb3 Qc4 41. Rc3 Qa2 42. Ra3 Qd2 43. Rd3 Qe1 44. Rc3 Kg7 45. Ng3 Qd2+ 46. Kh3 Qxd4 47. Ne4 Bd8 48. Nf6 Bxf6 49. Qxf6+ Kg8 50. Rf3 Qg1 51. Qe7 Qh1+ 52. Kg3 Qe1+ 53. Kf4 Rc8 54. Kg5 Qxe5+ 55. Kh4 Qh2+ 56. Kg5 h6+ 57. Kf6 Qb2+ 58. Rc3 Qxc3# 0-1


[Site "https://www.chess.com"]

[Event "Titled Tuesday Blitz September 13 Late 2022"]
[White "Fishbein, Alexander"]
[Black "Wan, Joseph"]
[WhiteFideId "2000377"]
[BlackFideId "2069890"]
[WhiteElo "2410"]
[BlackElo "2198"]
[Result "1/2-1/2"]
[Round "11"]
[TimeControl "180+1"]
[Date "2022.09.13"]
[WhiteClock "0:00:09"]
[BlackClock "0:00:12"]

1. e4 e6 2. d4 d5 3. exd5 exd5 4. Nf3 Nf6 5. Bd3 c5 6. dxc5 Bxc5 7. O-O O-O 8. Nc3 h6 9. h3 Nc6 10. Bf4 Re8 11. Qd2 Bb4 12. a3 Bf8 13. Rfe1 Be6 14. Rad1 a6 15. Ne5 Rc8 16. Nxc6 Rxc6 17. Be5 Bd6 18. Bxd6 Qxd6 19. Ne2 Bd7 20. Nd4 Rcc8 21. c3 Rxe1+ 22. Rxe1 Re8 23. Rxe8+ Bxe8 24. Nf5 Qe5 25. Qe3 Qxe3 26. Nxe3 Kf8 27. g4 Bd7 28. f4 Ke7 29. Kf2 Kd6 30. Kg3 g6 31. h4 h5 32. g5 Ne4+ 33. Bxe4 dxe4 34. Kf2 Kc5 35. b4+ Kb5 36. Nd5 Bc6 37. Ne7 Ka4 38. Ke3 Bd7 39. Kxe4 Kxa3 40. Kd4 Kb3 41. Nd5 Bf5 42. Ne3 Be6 43. Nf1 Bf5 44. Nd2+ Kc2 45. Nc4 Be6 46. Nd6 b6 47. Nb7 Kb3 48. Kd3 Bc4+ 49. Kd4 Be6 50. Kd3 Bf5+ 51. Kd2 Be6 52. Kd3 1/2-1/2


[Site "https://www.chess.com"]

[Event "Titled Tuesday Blitz September 13 Late 2022"]
[White "Ghasi, Ameet K"]
[Black "Lin, Dachey"]
[WhiteFideId "409200"]
[BlackFideId "2029650"]
[WhiteElo "2587"]
[BlackElo "2313"]
[Result "0-1"]
[Round "11"]
[TimeControl "180+1"]
[Date "2022.09.13"]
[WhiteClock "0:00:01"]
[BlackClock "0:00:05"]

1. g3 g6 2. Bg2 Bg7 3. d3 c5 4. Nf3 Nc6 5. O-O e6 6. c4 Nge7 7. Nc3 O-O 8. Rb1 b6 9. a3 d5 10. Bg5 Bb7 11. Na4 h6 12. Bd2 Nd4 13. Nxd4 cxd4 14. Bb4 Re8 15. Rc1 Qd7 16. b3 Rac8 17. Bd2 e5 18. Bb4 e4 19. Nb2 e3 20. f4 Rcd8 21. Bxe7 Rxe7 22. b4 h5 23. Qa4 Qg4 24. Bf3 Qh3 25. Bg2 Qf5 26. Qxa7 h4 27. Qxb6 Rde8 28. c5 hxg3 29. hxg3 Qg4 30. Rf3 Bc8 31. c6 Qh5 32. c7 Bg4 33. Qd6 Bf8 34. Qf6 Re6 35. Qg5 Bxf3 36. Bxf3 Qh7 37. Bxd5 Be7 38. Qg4 Rd6 39. c8=Q Rxc8 40. Rxc8+ Kg7 41. Bf3 f5 42. Rc7 fxg4 43. Rxe7+ Kg8 44. Rxh7 gxf3 45. Rh2 f2+ 0-1


[Site "https://www.chess.com"]

[Event "Titled Tuesday Blitz September 13 Late 2022"]
[White "Gomez Ledo, Roberto Carlos"]
[Black "Crevatin, Leo"]
[WhiteFideId "3507076"]
[BlackFideId "1726307"]
[WhiteElo "2379"]
[BlackElo "2156"]
[Result "0-1"]
[Round "11"]
[TimeControl "180+1"]
[Date "2022.09.13"]
[WhiteClock "0:00:16"]
[BlackClock "0:00:06"]

1. d4 Nf6 2. Bf4 d5 3. e3 g6 4. Nc3 a6 5. a4 Bg7 6. h3 O-O 7. Nf3 c5 8. Be2 Nc6 9. O-O Ne4 10. Bh2 Bf5 11. Nxe4 dxe4 12. Nh4 cxd4 13. Nxf5 gxf5 14. exd4 Qxd4 15. Qxd4 Nxd4 16. Bd1 Rfd8 17. c3 Ne6 18. Bb3 Rd2 19. Rfb1 Nc5 20. Bc4 Nd3 21. Bd5 Nxb2 22. Bxb7 Ra7 23. Bc8 e6 24. Ra3 Rc2 25. Rb3 Bxc3 26. Bb8 Ra8 27. Bd7 Bf6 28. a5 Nd3 29. Bd6 Bd4 30. Rb8+ Rxb8 31. Rxb8+ Kg7 32. Rb7 Bxf2+ 33. Kh2 Bc5 34. Bg3 f4 35. Bh4 Bd6 36. Bxe6 Rc7 37. Rxc7 Bxc7 38. Bc4 Bxa5 39. Bxa6 Ne5 40. Bb7 e3 41. Kg1 e2 0-1


[Site "https://www.chess.com"]